 Dungeon Crawl Stone Soup version bcrawl-1.27.1d (webtiles) character file.

Game seed: 7111046631726341498

241541 Freyura the Shield-Bearer (level 8, 0/67 HPs)
             Began as a Gnoll Fighter on July 26, 2020.
             Was a Follower of Ashenzari.
             Slain by a sky beast (5 damage)
             ... on level 6 of the Dungeon.
             The game lasted 00:16:35 (4954 turns).

Freyura the Shield-Bearer (Gnoll Fighter)           Turns: 4954, Time: 00:16:35

Health: 0/67       AC: 12    Str: 25    XL:     8   Next: 55%
Magic:  12/12      EV: 10    Int: 10    God:    Ashenzari [*.....]
Gold:   381        SH: 16    Dex: 16    Spells: 13/13 levels left

rFire    + . .     SeeInvis .   a - +1 trident (curse)
rCold    x . .     Gourm    .   c - +0 medium shield (curse)
rNeg     . . .     Faith    .   w - +0 troll leather armour
rPois    .         Spirit   .   d - +2 helmet (curse)
rElec    .         Reflect  +   (no cloak)
rCorr    .         Harm     .   h - +2 pair of gloves (curse)
MR       .....                  (no boots)
Stlth    +++.......             m - +4 amulet of reflection (curse)
HPRegen  0.61/turn              l - ring "Qurch" {Fire Stlth+}
MPRegen  0.13/turn              (no ring)

@: mighty, berserk cooldown, slowed, very slow
A: distributed training, fangs 1, strong nose
a: Curse Item, Scrying, Renounce Religion


You were on level 6 of the Dungeon.
You worshipped Ashenzari.
Ashenzari was aware of your devotion.
You were hungry.

You visited 2 branches of the dungeon, and saw 7 of its levels.
You also visited: Sewer.

You collected 381 gold pieces.

Inventory:

Hand Weapons
 a - a cursed +1 trident (weapon)
Armour
 b - a +0 scale mail
 c - a cursed +0 medium shield (worn)
 d - a cursed +2 helmet (worn)
 h - a cursed +2 pair of gloves (worn)
 v - the +3 buckler of Immorality {rF+}
   (You found it on level 4 of the Dungeon)

   It protects you from fire.
 w - a +0 troll leather armour (worn)
Jewellery
 l - the ring "Qurch" (left hand) {Fire Stlth+}
   (You found it on level 4 of the Dungeon)

   [ring of fire]

   It enhances your fire magic.
   It protects you from fire.
   It makes you vulnerable to cold.
   It makes you more stealthy.
 m - a cursed +4 amulet of reflection (around neck)
Scrolls
 i - 4 scrolls of teleportation
 j - 5 scrolls of amnesia
 k - 5 scrolls of enchant armour
 o - a scroll of fog
 s - 5 scrolls of fear
 u - a scroll of remove curse
 x - 2 scrolls of identify
Potions
 f - 3 potions of lignification
 g - 5 potions of curing
 n - a potion of resistance {unknown}
 p - a potion of berserk rage
 r - a potion of invisibility {unknown}
 t - 3 potions of heal wounds {unknown}
Comestibles
 e - 10 rations {!d}


   Skills:
 + Level 7.4 Fighting
 + Level 3.3 Short Blades
 + Level 3.3 Long Blades
 + Level 3.3 Axes
 + Level 3.3 Maces & Flails
 + Level 5.7 Polearms
 + Level 3.3 Staves
 + Level 3.3 Slings
 + Level 3.3 Bows
 + Level 3.3 Crossbows
 + Level 3.3 Throwing
 + Level 7.4 Armour
 + Level 3.3 Dodging
 + Level 3.3 Stealth
 + Level 7.4 Shields
 + Level 3.3 Unarmed Combat
 + Level 3.3 Spellcasting
 + Level 2.7 Conjurations
 + Level 2.7 Hexes
 + Level 2.7 Charms
 + Level 2.7 Summonings
 + Level 2.7 Necromancy
 + Level 2.7 Translocations
 + Level 2.7 Transmutations
 + Level 2.7 Fire Magic
 + Level 2.7 Ice Magic
 + Level 2.7 Air Magic
 + Level 2.7 Earth Magic
 + Level 2.7 Poison Magic
 + Level 3.6 Invocations
 + Level 3.3 Evocations


You had 13 spell levels left.
You didn't know any spells.
Your spell library was empty.

Dungeon Overview and Level Annotations

Branches:
Dungeon (6/12)             Temple (1/1) D:5

Altars:
Ashenzari
Cheibriados
Dithmenos
Elyvilon
Fedhas
Gozag
Hepliaklqana
Kikubaaqudgha
Lugonu
Makhleb
Nemelex Xobeh
Okawaru
Qazlal
Ru
Sif Muna
Trog
Uskayaw
Vehumet
Wu Jian
Xom
Yredelemnul
Zin
The Shining One

Shops:
D:6 ?


Innate Abilities, Weirdness & Mutations

Your experience applies equally to all skills.
You have very sharp teeth.
Your uncanny sense of smell can sniff out nearby items.


Message History

* * * LOW HITPOINT WARNING * * *
You block the gnoll's attack.
The sky beast hits you but does no damage.
You barely miss the gnoll.
The gnoll is almost dead.
The gnoll hits you with a +2 halberd of chopping!
* * * LOW HITPOINT WARNING * * *
x2 The sky beast closely misses you.
You block the gnoll's attack.
You puncture the gnoll!
You kill the gnoll!
The sky beast barely misses you.
The sky beast hits you but does no damage.
You miss the sky beast.
The sky beast is lightly wounded.
The sky beast flickers out of sight!
Deactivating autopickup; reactivate with Ctrl-A.
You block something's attack. Something hits you.
* * * LOW HITPOINT WARNING * * *
Something shocks you.
You die...

############
#........∩.#
#..........#
#.......<..##
#.....@{....#
#.....))†.....#
#####.....#.#...
.......#...##
..............#
............#...
................
..............


There were no monsters in sight!

Vanquished Creatures
  A troll (D:5)
  An ice beast (D:5)
  An ogre (D:4)
  A gnoll sergeant (D:6)
  A scorpion (D:5)
  2 howler monkeys
  2 crimson imps (D:5)
  3 hounds
  A bullfrog skeleton (D:5)
  2 centaur skeletons
  An iguana (D:4)
  2 orc wizards (D:3)
  A worker ant (D:2)
  2 hound skeletons (D:5)
  Robin (D:2)
  10 adders
  5 gnolls
  6 oozes
  An adder skeleton (D:4)
  11 worms
  5 dart slugs
  3 leopard geckos
  18 orcs
  10 bats
  8 giant cockroaches
  13 goblins
  10 hobgoblins
  4 jackals (Sewer)
  3 ball pythons
  3 frilled lizards
  12 kobolds
  A quokka skeleton (D:5)
  5 rats
150 creatures vanquished.

Notes
Turn   | Place    | Note
-------+----------+-------------------------------------------
     0 | D:1      | Freyura the Gnoll Fighter began the quest for the Orb.
     0 | D:1      | Reached XP level 1. HP: 23/23 MP: 1/1
   134 | D:1      | Reached XP level 2. HP: 29/29 MP: 2/2
   362 | D:1      | Reached XP level 3. HP: 35/35 MP: 3/3
   755 | D:2      | Reached skill level 1 in Short Blades
   755 | D:2      | Reached skill level 1 in Long Blades
   755 | D:2      | Reached skill level 1 in Axes
   755 | D:2      | Reached skill level 1 in Maces & Flails
   755 | D:2      | Reached skill level 1 in Staves
   755 | D:2      | Reached skill level 1 in Slings
   755 | D:2      | Reached skill level 1 in Bows
   755 | D:2      | Reached skill level 1 in Crossbows
   755 | D:2      | Reached skill level 1 in Throwing
   755 | D:2      | Reached skill level 1 in Dodging
   755 | D:2      | Reached skill level 1 in Stealth
   755 | D:2      | Reached skill level 1 in Unarmed Combat
   755 | D:2      | Reached skill level 1 in Spellcasting
   755 | D:2      | Reached skill level 1 in Invocations
   755 | D:2      | Reached skill level 1 in Evocations
   755 | D:2      | Reached XP level 4. HP: 38/41 MP: 5/5
   933 | D:2      | Noticed Robin
   971 | D:2      | Killed Robin
  1062 | D:2      | Reached skill level 1 in Conjurations
  1062 | D:2      | Reached skill level 1 in Hexes
  1062 | D:2      | Reached skill level 1 in Charms
  1062 | D:2      | Reached skill level 1 in Summonings
  1062 | D:2      | Reached skill level 1 in Necromancy
  1062 | D:2      | Reached skill level 1 in Translocations
  1062 | D:2      | Reached skill level 1 in Transmutations
  1062 | D:2      | Reached skill level 1 in Fire Magic
  1062 | D:2      | Reached skill level 1 in Ice Magic
  1062 | D:2      | Reached skill level 1 in Air Magic
  1062 | D:2      | Reached skill level 1 in Earth Magic
  1062 | D:2      | Reached skill level 1 in Poison Magic
  1317 | D:3      | Reached XP level 5. HP: 47/47 MP: 6/6
  1594 | D:3      | Reached XP level 6. HP: 49/53 MP: 8/8
  1633 | D:3      | Found an opulent altar of Gozag.
  1634 | D:3      | Found a shimmering altar of Xom.
  1789 | D:3      | Found a shattered altar of Ashenzari.
  1791 | D:3      | Found a radiant altar of Vehumet.
  2153 | D:3      | Found a shadowy altar of Dithmenos.
  2160 | D:3      | Became a worshipper of Ashenzari the Shackled
  2185 | D:4      | Identified the ring "Qurch" {Fire Stlth+}
  2209 | D:4      | Found a glowing drain.
  2243 | Sewer    | Entered a sewer
  2310 | Sewer    | Reached skill level 5 in Polearms
  3186 | D:4      | Reached XP level 7. HP: 59/59 MP: 10/10
  3411 | D:4      | Found a snail-covered altar of Cheibriados.
  3705 | D:4      | Found an iron altar of Okawaru.
  3747 | D:4      | Identified the +3 buckler of Immorality {rF+}
  3822 | D:5      | Entered Level 5 of the Dungeon
  3863 | D:5      | Noticed a troll
  3871 | D:5      | Killed a troll
  4025 | D:5      | Reached XP level 8. HP: 52/67 MP: 12/12
  4073 | D:5      | Reached * piety under Ashenzari
  4280 | D:5      | Found a staircase to the Ecumenical Temple.
  4301 | Temple   | Entered the Ecumenical Temple
  4588 | D:5      | Found a glowing silver altar of Zin.
  4929 | D:6      | Found Loykuj's Magic Scroll Boutique.
  4954 | D:6      | Slain by a sky beast

Skill      XL: |  1  2  3  4  5  6  7  8 |
---------------+-------------------------+-----
Short Blades   | 1 2 3 |  3.3
Long Blades    | 1 2 3 |  3.3
Axes           | 1 2 3 |  3.3
Maces & Flails | 1 2 3 |  3.3
Staves         | 1 2 3 |  3.3
Slings         | 1 2 3 |  3.3
Bows           | 1 2 3 |  3.3
Crossbows      | 1 2 3 |  3.3
Throwing       | 1 2 3 |  3.3
Dodging        | 1 2 3 |  3.3
Stealth        | 1 2 3 |  3.3
Unarmed Combat | 1 2 3 |  3.3
Spellcasting   | 1 2 3 |  3.3
Invocations    | 1 2 3 |  3.6
Evocations     | 1 2 3 |  3.3
Conjurations   | 1 2 |  2.7
Hexes          | 1 2 |  2.7
Charms         | 1 2 |  2.7
Summonings     | 1 2 |  2.7
Necromancy     | 1 2 |  2.7
Translocations | 1 2 |  2.7
Transmutations | 1 2 |  2.7
Fire Magic     | 1 2 |  2.7
Ice Magic      | 1 2 |  2.7
Air Magic      | 1 2 |  2.7
Earth Magic    | 1 2 |  2.7
Poison Magic   | 1 2 |  2.7
Polearms       | 5 |  5.7
Fighting       | 7 |  7.4
Armour         | 7 |  7.4
Shields        | 7 |  7.4

Action                   |  1- 3 |  4- 6 |  7- 9 || total
-------------------------+-------+-------+-------++-------
Melee: Trident           |    66 |   339 |   169 ||   574
       Bite              |     3 |    38 |    19 ||    60
Invok: Curse Item        |       |     4 |       ||     4
  Use: Scroll            |       |    15 |     1 ||    16
       Potion            |       |     5 |     3 ||     8
 Stab: Sleeping          |       |       |     6 ||     6
       Distracted        |       |       |     1 ||     1
  Eat: Chunk             |     1 |    19 |     5 ||    25
       Ration            |       |       |     1 ||     1
Armor: Scale mail        |    17 |   125 |    14 ||   156
       Troll leather arm |       |       |    30 ||    30
Dodge: Dodged            |    13 |    66 |    30 ||   109
Block: Medium shield     |    18 |   200 |   106 ||   324
       Reflection        |       |       |     5 ||     5
